 Dungeon Crawl Stone Soup version 0.31.0-32-g396128a36d (console) character file.

Game seed: 980961507231806716

4986 utis the Cruncher (level 10, 0/81 HPs)
             Began as a Demigod Gladiator on Mar 31, 2024.
             Slain by a troll (10 damage)
             ... on level 7 of the Dungeon.
             The game lasted 00:27:47 (10157 turns).

utis the Cruncher (Demigod Gladiator)              Turns: 10157, Time: 00:27:47

Health: 0/81       AC: 14    Str: 27    XL:     10   Next: 8%
Magic:  13/13      EV: 11    Int: 10    God:
Gold:   481        SH:  0    Dex: 15    Spells: 9/9 levels left

rFire   . . .        a - +1 quarterstaff (venom)
rCold   . . .        (shield currently unavailable)
rNeg    . . .        C - +0 chain mail
rPois   .            c - +1 helmet
rElec   .            (no cloak)
rCorr   .            i - +1 pair of gloves
SInv    .            (no boots)
Will    +....        (no amulet) Stlth
                     (no ring)
HPRegen 0.33/turn    (no ring)
MPRegen 0.13/turn

%: no passive effects
@: no status effects
A: high MP 1, forlorn, divine attributes
a: no special abilities


You were on level 7 of the Dungeon.
You visited 1 branch of the dungeon, and saw 8 of its levels.
You also visited: Sewer.

You collected 481 gold pieces.

Inventory:

Hand Weapons
 a - a +1 quarterstaff of venom (weapon)
 E - a +2 glaive of flaming
Missiles
 d - 3 throwing nets (quivered)
 e - a javelin
 m - 22 poisoned darts
 w - 4 curare-tipped darts
Armour
 b - a +0 leather armour
 c - a +1 helmet (worn)
 i - a +1 pair of gloves (worn)
 j - a +0 ring mail
 x - a +0 scale mail
 C - a +0 chain mail (worn)
Jewellery
 k - a ring of ice
 l - a ring of wizardry
Wands
 g - a wand of flame (18)
 t - a wand of digging (4)
Scrolls
 n - a scroll of enchant weapon
 o - a scroll of brand weapon
 s - 2 scrolls of enchant armour
 B - a scroll of vulnerability
 H - a scroll of teleportation {@r1}
 I - a scroll of immolation
 J - a scroll of fog
Potions
 f - 2 potions of lignification
 h - 2 potions of haste {@q3}
 p - a potion of magic {unknown}
 q - 3 potions of heal wounds {@q2}
 r - a potion of resistance
 u - a potion of degeneration {unknown}
 v - 4 potions of might
 z - 2 potions of curing {unknown}
 A - a potion of brilliance {unknown}
 D - a potion of invisibility {unknown}
 F - 2 potions of attraction


   Skills:
 + Level 5.5 Fighting
 * Level 10.2 Staves
 - Level 1.7 Throwing
 + Level 5.0 Armour
 + Level 5.8 Dodging
 - Level 4.0 Evocations


You had 9 spell levels left.
You didn't know any spells.
Your spell library contained the following spells:

 Spells                   Type           Power      Damage    Failure   Level
 Apportation              Tloc           0%         N/A       86%         1
 Freeze                   Ice            0%         1d3       86%         1
 Necrotise                Necr           0%         1d4       86%         1
 Sting                    Conj/Alch      0%         1d3       86%         1
 Summon Small Mammal      Summ           0%         N/A       86%         1
 Call Imp                 Summ           0%         N/A       95%         2
 Sublimation of Blood     Necr           0%         N/A       95%         2
 Frozen Ramparts          Ice            0%         1d1       99%         3
 Hailstorm                Conj/Ice       0%         3d5       99%         3
 Petrify                  Alch/Erth      0%         N/A       100%        4
 Irradiate                Conj/Alch      0%         3d11      100%        5
 Summon Hydra             Summ           0%         N/A       100%        7


Dungeon Overview and Level Annotations

Branches:
Dungeon (8/15)             Temple (0/1) D:7           Sewer (visited)
   Lair: D:8-11

Annotations:
D:4 1 runed translucent door, NimIero's ghost, novice DrFE
D:6 2 exclusions


Innate Abilities, Weirdness & Mutations

You have an increased reservoir of magic. (+10% MP)
You shall have no god before yourself.
Your divine heritage dramatically boosts your attributes as you level up.


Message History

Beogh smites you!
You climb upwards.
There is a stone staircase leading down, spattered with blood here.
You are too injured to fight recklessly!
You are too injured to fight recklessly!
You are too injured to fight recklessly!
You are too injured to fight recklessly!
You are too injured to fight recklessly!
You barely miss the troll. You barely miss the troll. The troll bites you.
The troll closely misses you. The troll claws you but does no damage.
You completely miss the troll. The troll bites you!
* * * LOW HITPOINT WARNING * * *
The troll claws you.
* * * LOW HITPOINT WARNING * * *
The troll claws you.
* * * LOW HITPOINT WARNING * * *
You completely miss the troll. The troll bites you but does no damage.
The troll barely misses you. The troll claws you.
* * * LOW HITPOINT WARNING * * *
You sock the troll!
The troll is poisoned.
The troll is moderately wounded.
The troll barely misses you. x2; The troll claws you.
* * * LOW HITPOINT WARNING * * *
You sock the troll!
The troll looks as sick as possible!
The troll is heavily wounded.
The troll closely misses you. The troll claws you but does no damage.
The troll claws you!
* * * LOW HITPOINT WARNING * * *
You hit the troll.
The troll is severely wounded.
You hit the troll but do no damage.
The troll looks as sick as possible!
The troll is almost dead.
The troll bites you.
* * * LOW HITPOINT WARNING * * *
The troll claws you but does no damage. The troll misses you.
You hit the troll but do no damage.
The troll is almost dead.
The troll bites you but does no damage. The troll claws you!
You die...

░░░▒.'.'.▒..░░..........░░░░.....
▒▒▒.▒▒▒..............░░░......
▒.'.'.▒.......................
▒▒▒.▒▒▒..................░...░
▒.'.).▒░................░░░░░░
▒▒▒.▒▒▒...................░░
▒.'.'_▒....................░
▒▒▒.▒▒▒.....░..............░░
▒.'.'.▒.....[░..............░
▒▒▒.▒▒▒.....>[░......░░....[░
▒'▒▒▒.....Tp░░.....░░....░░
▒.▒8▒.......░░░.....░░..░░
░...............░...░░.░░
░░░░░<....░░...░░░.░░░░░
░░░......░.░ ░░░ ░░░...░░░░ ░...░
░░░░░


You could see a troll (extremely poisoned).

Vanquished Creatures
  Maggie (D:6)
  Sigmund (D:2)
  A wraith (D:8)
  A wyvern (D:7)
  A steam dragon (D:7)
  Menkaure (D:4)
  A water moccasin (D:6)
  3 black bears
  3 ice beasts
  3 sky beasts
  An ogre (D:3)
  A centaur (D:8)
  5 phantoms
  A kobold brigand (D:7)
  4 bullfrogs
  Blork the orc (D:4)
  A necrophage (D:7)
  A wyvern zombie (D:7)
  11 wights
  A killer bee (D:8)
  A bombardier beetle (D:4)
  A quasit (D:4)
  A centaur zombie (D:7)
  A human zombie (D:7)
  4 jellies
  2 hounds
  A gnoll bouda (D:6)
  2 orc priests
  Ijyb (D:4)
  A sleepcap (D:5)
  3 iguanas
  6 orc wizards
  Natasha (thrice) (D:3)
  5 killer bee zombies (D:7)
  A mummy (D:7)
  A howler monkey zombie (D:7)
  Robin (D:3)
  8 gnolls
  9 adders
  3 river rats (Sewer)
  6 shadow imps
  8 white imps
  6 ufetubi
  3 dart slugs
  37 orcs
  13 ball pythons
  18 endoplasms
  12 giant cockroaches
  16 goblins
  7 hobgoblins
  4 jackals (D:1)
  10 kobolds
  8 quokkas
  5 bats
  8 frilled lizards
  8 rats
267 creatures vanquished.

Vanquished Creatures (others)
  An orc (D:7)
1 creature vanquished.

Grand Total: 268 creatures vanquished

Notes
Turn   | Place    | Note
-------+----------+-------------------------------------------
     0 | D:1      | utis the Demigod Gladiator began the quest for the Orb.
     0 | D:1      | Reached XP level 1. HP: 17/17 MP: 3/3
   197 | D:1      | Reached skill level 3 in Staves
   443 | D:1      | Reached XP level 2. HP: 24/24 MP: 4/4
  1466 | D:2      | You fall into a shaft and drop 1 floor!
  1548 | D:2      | Reached XP level 3. HP: 29/29 MP: 5/5
  1574 | D:2      | Noticed Sigmund
  1596 | D:2      | Killed Sigmund
  1597 | D:2      | Reached skill level 5 in Staves
  1597 | D:2      | Reached XP level 4. HP: 27/36 MP: 6/6
  1597 | D:2      | Reached XP level 5. HP: 30/41 MP: 7/7
  2199 | D:3      | Noticed Natasha
  2229 | D:3      | Killed Natasha
  2230 | D:3      | Reached skill level 6 in Staves
  2795 | D:3      | Reached XP level 6. HP: 43/48 MP: 8/8
  2823 | D:3      | Noticed Natasha
  2836 | D:3      | Killed Natasha
  3017 | D:3      | Noticed Natasha
  3023 | D:3      | Killed Natasha
  3151 | D:3      | Noticed Robin
  3163 | D:3      | Killed Robin
  3642 | D:4      | Noticed Menkaure
  3648 | D:4      | Killed Menkaure
  3649 | D:4      | Reached skill level 7 in Staves
  3649 | D:4      | Reached skill level 1 in Armour
  3649 | D:4      | Reached skill level 1 in Evocations
  3649 | D:4      | Reached XP level 7. HP: 39/55 MP: 9/9
  4015 | D:4      | Found a runed translucent door.
  4015 | D:4      | Noticed NimIero's ghost (novice DrFE)
  4461 | D:4      | Noticed Blork the orc
  4469 | D:4      | Killed Blork the orc
  5069 | D:4      | Noticed Ijyb
  5080 | D:4      | Killed Ijyb
  5800 | D:5      | Entered Level 5 of the Dungeon
  5956 | D:5      | Reached XP level 8. HP: 63/63 MP: 10/10
  6095 | D:5      | Reached skill level 8 in Staves
  6912 | D:6      | Noticed Maggie
  7077 | D:6      | Found a glowing drain.
  7097 | Sewer    | Entered a sewer
  7802 | D:6      | Killed Maggie
  7803 | D:6      | Reached XP level 9. HP: 13/72 MP: 11/11
  8086 | D:6      | Reached skill level 9 in Staves
  8485 | D:7      | Reached skill level 5 in Dodging
  8678 | D:7      | Reached skill level 5 in Fighting
  8935 | D:7      | Found a staircase to the Ecumenical Temple.
  9838 | D:7      | Reached skill level 10 in Staves
  9898 | D:8      | Reached XP level 10. HP: 26/79 MP: 13/13
 10057 | D:8      | Reached skill level 5 in Armour
 10157 | D:7      | Slain by a troll

Illustrated notes

Levels and vault maps discovered:
D:1:      spicycebolla_green_bress_n_ham_2, layout_basic
D:2:      layout_loops_ring, basic_altar, uniq_sigmund
D:3:      layout_basic, hellmonk_ecumenical_altar_crossroads,
          minmay_joined_circles, uniq_robin, uniq_natasha
D:4:      minmay_skewed_foursquare, layout_rooms, grunt_qazlal_sundering,
          minitemple, serial_demonic, serial_demonic_c, serial_demonic_a,
          serial_demonic_f, serial_demonic_d, serial_demonic_d,
          serial_demonic_d, ebering_ghost_sewer_d, uniq_blork_the_orc,
          uniq_ijyb, uniq_menkaure
D:5:      lemuel_ice_spiral_2, layout_basic, mainiacjoe_overflow_tiny_flanked
D:6:      layout_cave_pools, gup_sewer_entry_pipe, minmay_misc_feat_five,
          uniq_maggie
D:7:      layout_cave_pools, lemuel_tele_altar,
          lemuel_mausoleum_altar_yredelemnul, minmay_temple_entry_sparse_star
D:8:      cheibrodos_fzero, layout_cave_pools, nicolae_ashenzari_panopticon,
          enter_bailey_5, uniq_gastronok

Skill      XL: |  1  2  3  4  5  6  7  8  9 10 |
---------------+-------------------------------+-----
Staves         | 3 5 6 7 8 10 | 10.2
Fighting       | 2 3 4 5 |  5.5
Armour         | 1 2 3 4 5 |  5.0
Dodging        | 3 4 5 |  5.8
Evocations     | 1 2 3 4 |  4.0
Throwing       | |  1.7

Action                     |  1- 3 |  4- 6 |  7- 9 | 10-12 || total
---------------------------+-------+-------+-------+-------++-------
  Melee: Quarterstaff      |    98 |   155 |   680 |    38 ||   971
  Throw: Dart              |       |     4 |     5 |       ||     9
         Javelin           |       |     1 |     1 |       ||     2
  Evoke: Wand              |       |       |     4 |       ||     4
    Use: Scroll            |       |     7 |    10 |       ||    17
 Armour: Leather armour    |    10 |       |       |       ||    10
         Ring mail         |    21 |   109 |       |       ||   130
         Scale mail        |       |     2 |    99 |       ||   101
         Chain mail        |       |       |   315 |    43 ||   358
  Dodge: Dodged            |    48 |    87 |   327 |    22 ||   484
